Unix NetHack Version 5.0.0-0 post-release - last build May 31 2026 23:59:36 (970b52f25bf058293b47ddfd14a1e40e571c508c,branch:main).

Game began 2026-06-09 22:07:19, ended 2026-06-09 22:26:37.

Jobair, lawful female dwarven Archeologist

                    -----#-------                                        -----
                   #-...........|                                        |..>|
                   #|...........|                           --------     |...|
                ####|...........|                           |......|     |...|
                #   ----------.--            ---------      |.......##d)od...|
             ####             #              |......^|      |......|   [ -----
            ##                #            ##......<.|      |......|   #
  -----   ###                 #            # |.....{.|      |......|  ##
  |..(-####                   #          ### |........#     -------- ##
  |...|                       #          #   ---------##       #     #
  |...|               --------.-------   #             ##      #     #
  |...|               |.....{........-####              %      #     #
  -----               |.[............|                  #      #    ##
                      |..............|                  #####  #    #
                      |..............|                  # --.--.--- #
                      ----------------                  ##-.......| #
                                                          |........##
                                                          ---------

Jobair the Field Worker    St:17 Dx:11 Co:14 In:14 Wi:15 Ch:10  Lawful
Dlvl:5  $:123 HP:0(35) Pw:18(18) AC:2  Xp:5 T:2798  Burdened

Latest messages:
 The hill orc picks up an iron skull cap.
 You miss the hill orc.
 You miss the hill orc.
 You miss the hill orc.
 The hill orc hits!
 You hear some noises.
 The hill orc misses!
 You hit the hill orc.
 The hill orc misses!
 The hill orc removes a corroded iron skull cap and puts on an iron skull cap.
 You miss the giant bat.
 The giant bat bites!
 The giant bat misses!
 You hit the giant bat!
 The giant bat misses!
 You kill the giant bat!
 You hear some noises.
 Godzilla bites the hill orc.
 Godzilla eats a hill orc corpse.
 Godzilla bites the hill orc.
 Godzilla picks up a corroded iron skull cap.
 Godzilla eats a hill orc corpse.
 You have a little trouble lifting L - a ruby ring.
 You miss the coyote.
 The coyote misses!
 You kill the coyote!
 You miss the coyote.
 The coyote bites!
 You miss the coyote.
 The coyote bites!
 The coyote bites!
 You miss the coyote.
 The coyote bites!
 You kill the coyote!
 Godzilla eats a coyote corpse.
 You miss the hill orc.
 The hill orc swings her curved sword.
 The hill orc misses!
 You miss the hill orc.
 You miss the hill orc.
 The hill orc swings her curved sword.
 The hill orc hits!
 The hill orc swings her curved sword.
 The hill orc hits!
 You die...
 Do you want your possessions identified? [ynq] (y) y
 Do you want to see your attributes? [ynq] (y) y
 Do you want an account of creatures vanquished? [ynaq] (y) y
 Do you want to see your conduct and achievements? [ynq] (y) y
 Do you want to see the dungeon overview? [ynq] (y) y

Inventory:
 Coins    ('$')
  $ - 123 gold pieces
 Weapons  (')')
  F - 3 +0 darts (at the ready)
  a - a +2 bullwhip
  J - a +0 scimitar (weapon in right hand)
 Armor    ('[')
  c - an uncursed +0 fedora
  z - a blessed +1 orcish helm (being worn)
  K - an uncursed +0 orcish helm
  E - an uncursed +0 cloak of invisibility (being worn)
  r - an uncursed +0 elven mithril-coat (being worn)
  h - an uncursed +0 leather jacket
 Comestibles  ('%')
  d - 6 uncursed food rations
  n - a cursed food ration
 Scrolls  ('?')
  w - a cursed scroll of scare monster
 Potions  ('!')
  H - a cursed potion of extra healing
  A - an uncursed potion of fruit juice
  p - 8 uncursed potions of healing
  I - 2 cursed potions of healing
  q - an uncursed potion of levitation
  o - a cursed potion of object detection
  k - an uncursed potion of water
 Rings    ('=')
  j - a cursed ring of sustain ability
  m - an uncursed ring of teleport control
  L - an uncursed ring of warning
 Wands    ('/')
  x - a wand of digging (0:6)
  l - a wand of lightning (0:4)
 Tools    ('(')
  b - an uncursed sack containing 2 items
  s - a cursed skeleton key
  f - a tinning kit (0:79)
 Gems/Stones  ('*')
  y - an uncursed worthless piece of black glass
  v - an uncursed worthless piece of blue glass
  i - a cursed worthless piece of orange glass
  g - an uncursed touchstone

Contents of the sack:
  66 gold pieces
  a +0 pick-axe

Jobair the Archeologist's attributes:

Background:
 You were a Field Worker, a level 5 female dwarven Archeologist.
 You were lawful, nominally on a mission for Quetzalcoatl
 who was opposed by Camaxtli (neutral) and Huhetotl (chaotic).
 You were right-handed.
 You were in the Dungeons of Doom, on level 5.
 You entered the dungeon 2798 turns ago.
 It was nighttime.
 You had 203 experience points, 117 more were needed to attain level 6.

Basics:
 You had 0 out of 35 hit points.
 You had all 18 energy points (spell power).
 Your armor class was 2.
 Your wallet contained 123 zorkmids, and
 you had 66 more stashed away in your pack.
 Autopickup was off.

Final Characteristics:
 Your strength was 17 (limit:18/100).
 Your dexterity was 11 (limit:20).
 Your constitution was 14 (limit:20).
 Your intelligence was 14 (limit:16).
 Your wisdom was 15 (limit:16).
 Your charisma was 10 (limit:16).

Final Status:
 You weren't hungry.
 You were burdened; movement was slightly slowed.
 You were wielding a saber.
 You were unskilled in saber.

Final Attributes:
 You were piously aligned.
 You were telepathic.
 You had automatic searching.
 You had infravision.
 You were invisible.
 You were stealthy.
 You were guarded.
 You are dead.

Miscellaneous:
 You didn't encounter any bones levels.
 Total elapsed playing time was 19 minutes and 17 seconds.

Major events:
 Turn
    1: Jobair the lawful female dwarven Archeologist entered the dungeon
 1049: attained the rank of Field Worker (level 3)
 2798: killed by a hill orc

You didn't know any spells.

Skills:
 Fighting Skills
   bare handed combat [Unskilled]
   two weapon combat  [Unskilled]
   riding             [Unskilled]
 Weapon Skills
   dagger             [Unskilled]
   knife              [Unskilled]
   pick-axe           [Basic]
   short sword        [Unskilled]
   saber              [Unskilled]
   club               [Unskilled]
   quarterstaff       [Unskilled]
   sling              [Unskilled]
   dart               [Unskilled]
   boomerang          [Unskilled]
   whip               [Basic]
   unicorn horn       [Unskilled]
 Spellcasting Skills
   attack spells      [Unskilled]
   healing spells     [Unskilled]
   divination spells  [Unskilled]
   matter spells      [Unskilled]

Voluntary challenges:
 Character rerolling was not enabled.
 You were an atheist.
 You never genocided any monsters.
 You never polymorphed an object.
 You never changed form.
 You used no wishes.
Achievements:
 You attained the rank of Field Worker.
 You entered a shop.

 The Dungeons of Doom: levels 1 to 5
    Level 1:
    Level 2:
       A vegetarian food shop, a fountain.
    Level 3:
    Level 4:
       A general store, many fountains.
    Level 5: <- You were here.
       Some fountains.
       Final resting place for
          you, killed by a hill orc.


Vanquished creatures:
  a leprechaun
  a bugbear
  a pony
  a shrieker
  a little dog
  2 floating eyes
  a homunculus
  4 hill orcs
  2 giant bats
 an iguana
 an acid blob
  3 coyotes
  a hobbit
  a manes
  2 large kobolds
  a yellow mold
  a green mold
  a gnome
  2 gnome zombies
  5 geckos
  9 jackals
  a fox
  a kobold
  a goblin
  4 grid bugs
  a bat
  5 lichens
  5 newts
60 creatures vanquished.

No species were genocided or became extinct.

Game over:
                       ----------
                      /          \
                     /    REST    \
                    /      IN      \
                   /     PEACE      \
                  /                  \
                  |      Jobair      |
                  |      189 Au      |
                  | killed by a hill |
                  |       orc        |
                  |                  |
                  |                  |
                  |       2026       |
                 *|     *  *  *      | *
        _________)/\\_//(\/(/\)/\//\/|_)_______

Goodbye Jobair the Archeologist...

You died in The Dungeons of Doom on dungeon level 5 with 1203 points,
and 189 pieces of gold, after 2798 moves.
You were level 5 with a maximum of 35 hit points when you died.

